 Dungeon Crawl Stone Soup version 0.21-a0-179-gd2bfb5f (webtiles) character file.

22480 Gorglomux the Fighter (level 13, -6/124 HPs)
             Began as a Hill Orc Fire Elementalist on Aug 10, 2017.
             Was a High Priest of Okawaru.
             Killed from afar by an oklob plant (18 damage)
             ... with a splash of acid
             ... on level 1 of the Lair of Beasts.
             The game lasted 00:39:06 (15808 turns).

Gorglomux the Fighter (Hill Orc Fire Elementalist) Turns: 15808, Time: 00:39:06

Health: -6/124     AC:  0    Str: 16    XL:     13   Next: 0%
Magic:  20/20      EV:  8    Int: 15    God:    Okawaru [*****.]
Gold:   642        SH: 22    Dex: 11    Spells: 14/15 levels left

rFire    . . .     SeeInvis .   P - +1 war axe (flame) (curse)
rCold    + . .     Gourm    .   X - +2 large shield
rNeg     . . .     Faith    .   s - +0 scale mail
rPois    .         Spirit   .   (no helmet)
rElec    .         Reflect  +   (no cloak)
rCorr    .         Harm     .   j - +2 pair of gloves
MR       .....                  (no boots)
Stlth    ..........             u - +3 amulet of reflection
HPRegen  0.30/turn              c - ring of protection from cold
MPRegen  0.17/turn              l - ring of flight

@: about to teleport, corroded
A: no striking features
a: Heroism, Finesse, Renounce Religion, Evoke Flight


You were on level 1 of the Lair of Beasts.
You worshipped Okawaru.
Okawaru was extremely pleased with you.
You were very hungry.

You visited 3 branches of the dungeon, and saw 15 of its levels.

You collected 668 gold pieces.
You spent 26 gold pieces at shops.

Inventory:

Hand Weapons
 P - a cursed +1 war axe of flaming (weapon)
Armour
 j - a +2 pair of gloves (worn)
 s - a +0 scale mail (worn)
 U - the +10 plate armour of Toliocsu {+Blink rPois rC+ Dex+3, unknown}
   (You found it on level 1 of the Lair of Beasts)

   It affects your dexterity (+3).
   It protects you from cold.
   It protects you from poison.
   It lets you blink.
 X - a +2 large shield (worn)
Jewellery
 c - a ring of protection from cold (left hand)
 l - a ring of flight (right hand)
 u - a +3 amulet of reflection (around neck)
Wands
 y - a wand of acid (10/15)
 A - a wand of acid (12/15)
 C - a wand of confusion (22/48)
 I - a wand of iceblast (12/15)
 K - a wand of iceblast (9/15)
Scrolls
 n - 2 scrolls of fog
 p - a scroll of recharging
 t - 4 scrolls of remove curse
 B - 3 scrolls of immolation
 M - 2 scrolls of magic mapping
 T - 4 scrolls of teleportation
 V - a scroll of enchant weapon
Potions
 h - 4 potions of resistance
 m - 2 potions of brilliance
 w - 3 potions of mutation
 F - a potion of flight
 H - 2 potions of magic
 J - a potion of ambrosia
 N - a potion of invisibility {unknown}
 Q - 5 potions of curing
 S - a potion of cancellation {unknown}
 W - 2 potions of might {unknown}
 Z - 4 potions of haste
Miscellaneous
 Y - a lamp of fire (inert)
Comestibles
 k - 11 royal jellies
 r - 9 fruits
 z - 4 meat rations
 G - 9 bread rations


   Skills:
 + Level 14.2 Fighting
 + Level 8.8 Axes
 - Level 9.0 Armour
 + Level 3.2 Dodging
 - Level 1.5 Stealth
 + Level 11.5 Shields
 - Level 1.5 Spellcasting
 - Level 1.0 Conjurations
 - Level 3.2 Fire Magic
 - Level 9.3 Invocations
 + Level 3.3 Evocations


You had 14 spell levels left.
You knew the following spells:

 Your Spells              Type           Power        Failure   Level  Hunger
a - Flame Tongue          Conj/Fire      #....        86%         1    ##.....


Dungeon Overview and Level Annotations

Branches:
Dungeon (13/15)            Temple (1/1) D:4            Lair (1/6) D:8
    Orc (0/2) D:10
 Vaults: D:13-14

Altars:
Ashenzari
Cheibriados
Dithmenos
Elyvilon
Gozag
Hepliaklqana
Kikubaaqudgha
Makhleb
Nemelex Xobeh
Okawaru
Qazlal
Ru
Sif Muna
Trog
Uskayaw
Vehumet
Wu Jian
Xom
Yredelemnul
Zin
The Shining One

Shops:
D:7 *

Annotations:
Lair:1 exclusion: 4 oklob plants


Message History

You are splashed with acid!!!
The acid burns!!!
You see here the Incunabulum of Butt!
As you read the scroll of teleportation, it crumbles to dust!
You feel strangely unstable! The oklob plant spits acid at you!
The splash of acid hits butt!!!
The acid corrodes you!!!
You are splashed with acid!!!
The acid burns!!!
The oklob plant spits acid at you! The splash of acid hits you!!!
You are splashed with acid!!!
The acid burns!!!
The oklob plant spits acid at you!
The splash of butt hits you!!! * * * don't die
* * * The acid corrodes you!!!
You are splashed with acid!!!
The acid burns!!! * * * don't die
* * * You see here a crude plate armour!
U - a crude plate armour Unknown command!
The oklob plant spits acid at you! The splash of acid hits you!!! rip

#.###...+...... #.#
##.##.#....
#.#########....
#######.#..####....
#.P..)P............
#?P$)$P............
#..%).P............
#.PP$.P............
#.@$$$.............
#######..####.##...
#.##.#######...
#.##......#....
#......[..##...
#.##......##...
#.##......##...
#.#.########...
#....#.####....


You could see 4 oklob plants.

Vanquished Creatures
  Gastronok (D:8)
  Erolcha (D:9)
  A hydra (Lair:1)
  Erica (D:8)
  2 two-headed ogres (D:12)
  A cyclops (D:12)
  A gargoyle (D:11)
  A spiny frog (Lair:1)
  2 komodo dragons (Lair:1)
  A queen bee (D:8)
  6 trolls
  Prince Ribbit (D:9)
  3 slime creatures (D:13)
  Grinder (D:5)
  3 blink frogs (Lair:1)
  A hornet (D:8)
  A meliai zombie (D:12)
  3 hippogriffs
  2 wraiths
  Sigmund (D:5)
  2 basilisks
  A human (D:8)
  9 yaks
  Grum (D:8)
  2 vampire mosquitoes (D:12)
  2 hungry ghosts
  5 water moccasins
  8 orc warriors
  6 phantoms
  A sky beast (D:5)
  A black bear (D:9)
  3 ice beasts
  4 centaurs
  4 ogres
  2 crocodiles
  6 wolves
  2 big kobolds
  15 bullfrogs
  2 gnoll sergeants
  3 scorpions
  24 killer bees
  2 electric eels (Lair:1)
  6 howler monkeys
  7 wights
  6 crimson imps
  A quasit (D:6)
  7 hounds
  A bullfrog skeleton (D:9)
  A bullfrog zombie (D:9)
  A centaur zombie (D:5)
  A human zombie (D:8)
  2 jellies
  12 orc priests
  4 centaur skeletons
  A human skeleton (D:8)
  Jessica (D:3)
  Terence (D:2)
  2 iguanas
  Natasha (D:3)
  13 orc wizards
  13 worker ants
  A hound zombie (D:9)
  3 hound skeletons
  A howler monkey zombie (D:10)
  7 gnolls
  14 adders
  3 shadow imps
  An adder skeleton (D:4)
  An adder zombie (D:5)
  2 worms
  A dart slug (D:4)
  5 leopard geckos
  58 orcs
  2 ball pythons (D:4)
  10 giant cockroaches
  10 goblins
  5 hobgoblins
  25 jackals
  4 quokkas
  13 bats
  3 frilled lizards
  15 kobolds
  6 rats
410 creatures vanquished.

Vanquished Creatures (others)
  2 centaurs
  Natasha (D:3)
  2 iguanas (D:4)
  A worm (D:4)
  2 orcs
  A kobold (D:3)
  2 frilled lizards (D:4)
  A plant (Lair:1)
12 creatures vanquished.

Grand Total: 422 creatures vanquished

Notes
Turn   | Place    | Note
-------+----------+-------------------------------------------
     0 | D:1      | Gorglomux the Hill Orc Fire Elementalist began the quest for the Orb.
     0 | D:1      | Reached XP level 1. HP: 14/14 MP: 3/3
    67 | D:1      | Reached skill level 1 in Fighting
   362 | D:1      | Reached skill level 2 in Fighting
   362 | D:1      | Reached XP level 2. HP: 24/24 MP: 1/4
   777 | D:1      | Reached skill level 3 in Fighting
   781 | D:1      | Reached XP level 3. HP: 26/31 MP: 5/5
  1381 | D:2      | Found a shattered altar of Ashenzari.
  1526 | D:2      | Noticed Terence
  1539 | D:2      | Reached skill level 4 in Fighting
  1551 | D:2      | Killed Terence
  1551 | D:2      | Reached XP level 4. HP: 33/41 MP: 6/6
  1776 | D:2      | Reached skill level 5 in Fighting
  2188 | D:3      | Reached XP level 5. HP: 46/48 MP: 7/7
  2241 | D:2      | Reached skill level 1 in Armour
  2430 | D:3      | Found a radiant altar of Vehumet.
  2647 | D:3      | Found a faded altar of an unknown god.
  2651 | D:3      | Noticed Jessica
  2660 | D:3      | Noticed Natasha
  2668 | D:3      | Killed Jessica
  2668 | D:3      | Reached skill level 6 in Fighting
  2668 | D:3      | Reached XP level 6. HP: 45/57 MP: 8/8
  2701 | D:3      | Killed Natasha
  2705 | D:3      | Killed Natasha
  3000 | D:3      | Found a white marble altar of Elyvilon.
  3060 | D:4      | Noticed a phantom
  3195 | D:4      | Killed a phantom
  3195 | D:4      | Reached skill level 3 in Armour
  3431 | D:4      | Reached XP level 7. HP: 63/64 MP: 9/9
  3471 | D:4      | Reached skill level 7 in Fighting
  3758 | D:4      | Got an ancient short sword
  3759 | D:4      | Identified the +8 short sword of the Warrior {speed, Fragile rElec rF+ rN++} (You found it on level 4 of the Dungeon)
  3950 | D:4      | Found a shimmering altar of Xom.
  4128 | D:4      | Found a bloodstained altar of Trog.
  4329 | D:4      | Reached skill level 8 in Fighting
  4347 | D:4      | Found a staircase to the Ecumenical Temple.
  4359 | Temple   | Entered the Ecumenical Temple
  4421 | Temple   | Became a worshipper of Warmaster Okawaru
  4582 | D:5      | Entered Level 5 of the Dungeon
  4600 | D:5      | Reached skill level 1 in Shields
  4600 | D:5      | Reached XP level 8. HP: 74/74 MP: 10/10
  4949 | D:5      | Found a shadowy altar of Dithmenos.
  4950 | D:5      | Noticed Grinder
  4965 | D:5      | Paralysed by Grinder for 6 turns
  4977 | D:5      | Killed Grinder
  4984 | D:5      | Reached skill level 6 in Armour
  5125 | D:5      | Reached * piety under Okawaru
  5125 | D:5      | Reached skill level 3 in Shields
  5151 | D:5      | Found an ornate altar of the Wu Jian Council.
  5192 | D:5      | Reached skill level 9 in Fighting
  5234 | D:5      | Noticed Sigmund
  5281 | D:5      | Killed Sigmund
  5298 | D:5      | Reached XP level 9. HP: 69/84 MP: 8/11
  5754 | D:5      | Got a crude rapier
  5954 | D:6      | Found a burning altar of Makhleb.
  5974 | D:6      | Got an ichor-stained ring mail
  5985 | D:6      | Identified the +4 ring mail of Lemeps {*Corrode rPois Str+7} (You found it on level 6 of the Dungeon)
  6278 | D:6      | Reached ** piety under Okawaru
  6547 | D:6      | Found a snail-covered altar of Cheibriados.
  6547 | D:6      | Found an opulent altar of Gozag.
  6552 | D:6      | Found a basalt altar of Yredelemnul.
  6554 | D:6      | Found a bloodstained altar of Trog.
  6555 | D:6      | Found a glowing silver altar of Zin.
  6787 | D:6      | Reached skill level 10 in Fighting
  7198 | D:7      | Reached skill level 6 in Shields
  7469 | D:7      | Found Ismua's General Store.
  7474 | D:7      | Bought a scroll of fog for 26 gold pieces
  7515 | D:7      | Reached *** piety under Okawaru
  7614 | D:7      | Reached XP level 10. HP: 84/94 MP: 12/12
  7704 | D:8      | Noticed Grum
  7738 | D:8      | Reached skill level 11 in Fighting
  7881 | D:8      | Killed Grum
  8075 | D:8      | Reached skill level 9 in Armour
  8084 | D:8      | Noticed Gastronok
  8126 | D:8      | Killed Gastronok
  8126 | D:8      | Reached **** piety under Okawaru
  8175 | D:8      | Found a runed door.
  8181 | D:8      | Found a basalt altar of Yredelemnul.
  8421 | D:8      | Found a staircase to the Lair.
  8450 | D:8      | Found a hazy altar of Hepliaklqana.
  8483 | D:8      | Noticed Erica
  8499 | D:8      | Killed Erica
  8499 | D:8      | Reached ***** piety under Okawaru
  8499 | D:8      | Reached skill level 12 in Fighting
  8725 | D:8      | Reached XP level 11. HP: 91/104 MP: 12/15
  8738 | D:8      | Reached skill level 9 in Shields
  8758 | D:8      | Reached skill level 6 in Invocations
  8829 | D:8      | Received a gift from Okawaru
  8934 | D:8      | Reached skill level 1 in Axes
  9495 | D:9      | Noticed Prince Ribbit
  9509 | D:9      | Killed Prince Ribbit
  9888 | D:9      | Reached skill level 3 in Axes
 10088 | D:9      | Noticed Erolcha
 10103 | D:9      | Killed Erolcha
 10639 | D:9      | Found an ancient bone altar of Kikubaaqudgha.
 10755 | D:10     | Entered Level 10 of the Dungeon
 11080 | D:10     | Reached skill level 13 in Fighting
 11812 | D:10     | Found a staircase to the Orcish Mines.
 12068 | D:11     | Reached skill level 6 in Axes
 12068 | D:11     | Reached XP level 12. HP: 104/115 MP: 18/18
 12208 | D:11     | Received a gift from Okawaru
 12819 | D:12     | Reached skill level 9 in Invocations
 13025 | D:12     | Noticed a two-headed ogre
 13035 | D:12     | Killed a two-headed ogre
 13183 | D:12     | Reached skill level 1 in Evocations
 13221 | D:12     | Noticed a two-headed ogre
 13237 | D:12     | Killed a two-headed ogre
 13296 | D:12     | Noticed a two-headed ogre
 14026 | Lair:1   | Entered Level 1 of the Lair of Beasts
 14058 | Lair:1   | Reached skill level 14 in Fighting
 14615 | Lair:1   | Noticed a five-headed hydra
 14628 | Lair:1   | Killed a five-headed hydra
 14644 | Lair:1   | Reached skill level 3 in Dodging
 14665 | Lair:1   | Reached skill level 3 in Evocations
 15111 | Lair:1   | Reached XP level 13. HP: 71/124 MP: 20/20
 15495 | Lair:1   | Identified the +2 rapier of a volcano {pierce, rC+} (You found it on level 5 of the Dungeon)
 15804 | Lair:1   | Identified the Incunabulum of Malediction
 15807 | Lair:1   | Got a crude plate armour
 15808 | Lair:1   | Killed from afar by an oklob plant

Vault maps used:
D:1:      mushboom_english_gardens, minivault_27
D:2:      ashenzari_conservatory_becter, minivault_27, uniq_terence
D:3:      fiery_altar_vehumet, chequers_ecumenical_altar_simple_redux,
          minmay_misc_feat_roman, elyvilon_altar_4, uniq_jessica, uniq_natasha
D:4:      xom_confusion_cloud, minmay_temple_entry_water_ring, first_bread,
          eino_small_chamber_without_monster, trog_butcher_becter
D:5:      nicolae_overflow_hidden_temple, nicolae_dithmenos_shadow_blocks,
          uniq_grinder, uniq_sigmund
D:6:      bloody_makhleb, chequers_temple_overflow_minitemple,
          kennysheep_small_spiral
D:7:      serial_shops, nicolae_shop_crystal
D:8:      marbit_many_paths, lair_entry_dummy, david_nohive_1,
          dk_yredelemnul_ordeal, uniq_erica, uniq_gastronok, uniq_grum
D:9:      minmay_four_partial_circles, basic_altar, uniq_prince_ribbit1,
          uniq_erolcha
D:10:     hiddenorc1_lemuel
D:11:     patterned_corridor
Temple:   jpeg_temple_alley_garden
Lair:1:   nicolae_quartered_pool_little, minmay_lair_oklob_chamber

Skill      XL: |  1  2  3  4  5  6  7  8  9 10 11 12 |
---------------+-------------------------------------+-----
Fighting       | 2 3 4 5 6 8 9 10 12 13 14 | 14.2
Armour         | 2 3 5 6 8 9 |  9.0
Shields        | 1 4 6 8 10 11 | 11.5
Invocations    | 5 8 9 |  9.3
Axes           | 6 8 |  8.8
Evocations     | 3 |  3.3
Dodging        | 3 |  3.2
Stealth        | |  1.5
Spellcasting   | |  1.5
Conjurations   | |  1.0
Fire Magic     | |  3.2

Action                   |  1- 3 |  4- 6 |  7- 9 | 10-12 | 13-15 || total
-------------------------+-------+-------+-------+-------+-------++-------
Melee: Spear             |    98 |   249 |    66 |       |       ||   413
       Short sword       |       |       |   426 |  1347 |       ||  1773
 Cast: Flame Tongue      |    13 |       |       |       |       ||    13
Invok: Heroism           |       |       |     7 |    27 |       ||    34
       Finesse           |       |       |       |     1 |       ||     1
Evoke: Wand              |       |       |       |     6 |       ||     6
       Lamp of fire      |       |       |       |     1 |       ||     1
  Use: Scroll            |       |       |     6 |    17 |     1 ||    24
 Stab: Sleeping          |     3 |       |       |       |       ||     3
  Eat: Chunk             |     2 |     6 |    15 |    28 |     1 ||    52
Armor: Robe              |    26 |       |       |       |       ||    26
       Scale mail        |     7 |   102 |   161 |   254 |     1 ||   525
Dodge: Dodged            |    50 |   107 |   128 |   166 |       ||   451
Block: Other             |       |    20 |    10 |       |       ||    30
       Shield            |       |       |   188 |       |       ||   188
       Reflection        |       |       |    15 |    32 |     1 ||    48
       Large shield      |       |       |    34 |  1231 |     1 ||  1266
